cohdb
Replays
Latest Replays
All Replays
Popular Replays
Top Player Replays
Match Explorer
How It Works
Community
CoH3 Stats
Reddit
Sign in to upload your games and track your stats! →
Sign in with Steam
Match 42639924
Unlisted
Match 42639924
Overview
Messages
Build Orders
End
Royal Engineer Section
Construct Section Command Post
Selects Australian Defense Battlegroup
Selects Australian Light Infantry Section
Dingo Light Scout Car
Infantry Section
Australian Light Infantry Section
Australian Light Infantry Section
Construct Platoon Command Post
Selects 2-pounder Anti-tank Gun Team
Humber Armored Car
2-pounder Anti-tank Gun Team
Infantry Section
CMP 15cwt Truck
Grenade Package
Construct Company Command Post
ML 3-inch Mortar Team
Matilda II Heavy Tank
Selects Vehicle Over Repair
AI Takeover
-=Wings=-
FireFang
NiuZeta
Fank
B1t
SkyCurv
Dadical
Brucaccio
0
0
Comments
sign in to comment!
No comments posted yet!